 Dungeon Crawl Stone Soup version 0.30.0-18-gc0e69614cb (webtiles) character file.

Game seed: 4103459992245805193

49222 monsoonserge the Carver (level 14, -10/81 (84) HPs)
             Began as a Kobold Brigand on May 25, 2023.
             Was a High Priest of Okawaru.
             Killed from afar by an ice dragon (60 damage)
             ... with a blast of cold
             ... on level 3 of the Lair of Beasts on May 26, 2023.
             The game lasted 01:48:22 (21481 turns).

monsoonserge the Carver (Kobold Brigand)           Turns: 21481, Time: 01:48:24

HP:   -10/81 (84)   AC: 18    Str: 18    XL:     14   Next: 91%
MP:   18/20         EV: 24    Int: 12    God:    Okawaru [*****.]
Gold: 1922          SH: 14    Dex: 23    Spells: 16/17 levels left

rFire   . . .        b - +8 falchion "Ymeqameri" {spect, Str+10 Dex-2}
rCold   . . .        z - +0 buckler {rN+}
rNeg    + + .        h - +4 ring mail
rPois   .            M - +0 helmet
rElec   +            g - scarf {+Inv}
rCorr   .            C - +0 pair of gloves
SInv    .            q - +2 pair of boots
Will    +....        G - amulet of reflection
Stlth   ++++++       p - ring of protection from fire
HPRegen 0.33/turn    k - ring "Eligus" {rElec rF- rN+ Dex+3}
MPRegen 0.17/turn

%: reflection
@: heroic, lightly drained
A: small, no large weapons, nightstalker 3
a: Renounce Religion, Evoke Invisibility, Heroism, Finesse, Duel


You were on level 3 of the Lair of Beasts.
You worshipped Okawaru.
Okawaru was extremely pleased with you.
You visited 4 branches of the dungeon, and saw 19 of its levels.
You also visited: Sewer and Ice Cave.

You collected 1922 gold pieces.

Inventory:

Hand Weapons
 b - the +8 falchion "Ymeqameri" (weapon) {spect, Str+10 Dex-2}
   (You found it on level 5 of the Dungeon)

   Str:       It affects your strength (+10).
   Dex:       It affects your dexterity (-2).
Missiles
 d - 27 poisoned darts
 e - 25 boomerangs (quivered)
 t - 3 atropa-tipped darts
 A - 3 curare-tipped darts
 J - 6 datura-tipped darts
 R - 2 silver boomerangs
 W - 3 throwing nets
 X - 3 boomerangs of dispersal
Armour
 g - a scarf of invisibility (worn)
 h - a +4 ring mail (worn)
 q - a +2 pair of boots (worn)
 z - a +0 buckler of positive energy (worn)
 C - a +0 pair of gloves (worn)
 M - a +0 helmet (worn)
 Q - a scarf of repulsion
Jewellery
 c - a ring of willpower
 k - the ring "Eligus" (right hand) {rElec rF- rN+ Dex+3}
   (You found it in an ice cave)

   [ring of positive energy]

   Dex:       It affects your dexterity (+3).
   rF:        It makes you vulnerable to fire.
   rElec:     It insulates you from electricity.
   rN:        It protects you from negative energy.
 n - a ring of flight
 p - a ring of protection from fire (left hand)
 G - an amulet of reflection (around neck)
 S - the ring of Opiliggocw {Contam MP+9 Int-5 Dex+5}
   (You took it off a deep elf pyromancer on level 7 of the Dungeon)

   [ring of magical power]

   Int:       It affects your intelligence (-5).
   Dex:       It affects your dexterity (+5).
   MP:        It affects your magic capacity (+9).
   Contam:    It causes magical contamination when unequipped.
Wands
 l - a wand of digging (9)
 O - a wand of roots (12)
 Z - a wand of mindburst (14)
Scrolls
 j - 6 scrolls of fear
 o - 4 scrolls of poison
 s - a scroll of noise {unknown}
 u - 4 scrolls of blinking
 v - 4 scrolls of immolation
 x - a scroll of brand weapon {unknown}
 y - 10 scrolls of teleportation
 D - a scroll of silence
 F - a scroll of enchant armour
 H - 3 scrolls of vulnerability
 L - a scroll of magic mapping {unknown}
 P - a scroll of fog
 T - a scroll of enchant weapon
 Y - 6 scrolls of amnesia
Potions
 a - 2 potions of attraction
 f - 2 potions of resistance
 i - 8 potions of curing
 m - 4 potions of haste
 r - 2 potions of mutation
 w - 4 potions of might
 B - 4 potions of flight
 E - 4 potions of heal wounds
 I - 2 potions of lignification
 K - a potion of magic {unknown}
 N - 2 potions of brilliance
 U - a potion of invisibility
Miscellaneous
 V - a lightning rod (4/4)


   Skills:
 + Level 8.5(13.5) Fighting
 + Level 7.6(17.5) Short Blades
 + Level 10.2(15.7) Long Blades
 + Level 6.2(11.2) Throwing
 + Level 7.4(12.4) Armour
 + Level 8.0(13.0) Dodging
 - Level 9.0(14.0) Stealth
 * Level 8.9(13.9) Shields
 - Level 2.0 Spellcasting
 + Level 5.0 Hexes
 * Level 8.7 Invocations
 * Level 6.1 Evocations


You had 16 spell levels left.
You knew the following spells:

 Your Spells              Type           Power      Damage    Failure   Level
a - Slow                  Hex            52%        N/A       6%          1

Your spell library contained the following spells:

 Spells                   Type           Power      Damage    Failure   Level
 Ensorcelled Hibernation  Hex/Ice        14%        N/A       26%         2
 Apportation              Tloc           2%         N/A       43%         1
 Necrotise                Necr           4%         1d4       43%         1
 Portal Projectile        Hex/Tloc       14%        N/A       45%         3
 Cause Fear               Hex            6%         N/A       52%         4
 Hailstorm                Conj/Ice       1%         3d3       80%         3
 Ozocubu's Armour         Ice            1%         N/A       80%         3
 Vampiric Draining        Necr           1%         2d6       80%         3
 Leda's Liquefaction      Hex/Erth       3%         N/A       86%         4
 Ice Form                 Ice/Tmut       1%         N/A       99%         4
 Petrify                  Tmut/Erth      1%         N/A       99%         4
 Metabolic Englaciation   Hex/Ice        3%         N/A       99%         5
 Blade Hands              Tmut           0%         N/A       100%        5
 Borgnjor's Vile Clutch   Necr/Erth      0%         N/A       100%        5
 Irradiate                Conj/Tmut      0%         3d11      100%        5
 Statue Form              Tmut/Erth      0%         N/A       100%        6
 Dragon Form              Tmut           0%         N/A       100%        7
 Summon Small Mammal      Summ           Unusable   N/A       N/A         1
 Call Canine Familiar     Summ           Unusable   N/A       N/A         3
 Animate Dead             Necr           Unusable   N/A       N/A         4
 Death Channel            Necr           Unusable   N/A       N/A         6
 Simulacrum               Ice/Necr       Unusable   N/A       N/A         6
 Haunt                    Necr/Summ      Unusable   N/A       N/A         7

Dungeon Overview and Level Annotations

Branches:
Dungeon (13/15)            Temple (1/1) D:6            Lair (3/5) D:11
 Shoals (0/4) Lair:2        Snake (0/4) Lair:2          Orc (2/2) D:9
    Elf (0/3) Orc:2         Sewer (visited)           IceCv (visited)
 Vaults: D:13-14

Altars:
Cheibriados
Elyvilon
Fedhas
Kikubaaqudgha
Makhleb
Nemelex Xobeh
Okawaru
Ru
Sif Muna
Trog
Wu Jian
Yredelemnul
Zin
The Shining One

Shops:
D:1 [=   D:11 =

Annotations:
D:2 Robin
D:13 1 transporter


Innate Abilities, Weirdness & Mutations

You are small and have problems with some larger weapons.
You are completely attuned to the shadows.


Message History

The death yak is severely wounded.
Your +8 falchion "Ymeqameri" {spect, Str+10 Dex-2} hits the death yak.
The death yak misses you. The death yak gores you!
Unknown command.
You hit the death yak.
The death yak is severely wounded.
Your +8 falchion "Ymeqameri" {spect, Str+10 Dex-2} hits the death yak!
You slash the death yak!
You kill the death yak!
Okawaru accepts your kill.
Your +8 falchion "Ymeqameri" {spect, Str+10 Dex-2} disappears.
Your surroundings suddenly seem different.
You start resting.
A white imp comes into view.
You start resting.
A white imp is nearby!
The white imp shouts, "Begone, thou canting sow-suckled pustule!"
You slash the white imp!
You kill the white imp!
Okawaru accepts your kill.
You hear a deafening roar!
You start resting.
An ice dragon is nearby!
You start resting.
An ice dragon is nearby!
You gain the combat prowess of a mighty hero.
You slash the ice dragon!
The ice dragon is lightly wounded.
Your +8 falchion "Ymeqameri" {spect, Str+10 Dex-2} hits the ice dragon.
The ice dragon closely misses you. You block the ice dragon's attack. x2
You barely miss the ice dragon.
The ice dragon is lightly wounded.
Your +8 falchion "Ymeqameri" {spect, Str+10 Dex-2} hits the ice dragon.
You hit the ice dragon but do no damage.
The ice dragon is lightly wounded.
Your +8 falchion "Ymeqameri" {spect, Str+10 Dex-2} hits the ice dragon!
The ice dragon breathes frost at you. The blast of cold hits you!!!
Ouch! That really hurt!
You die...

≈≈≈≈≈≈≈....#
≈≈≈≈≈≈≈≈..###
..~≈≈..~.~.≈≈.# ##
..^~≈≈≈≈...~..## #.
≈.≈≈≈..≈~.~~≈~# #
.≈.~...≈D≈≈≈~.# #.
≈≈.......≈≈≈.⌠# #.
#≈#.##..###.#####
#P
#(@###.#.#####.####
##D##..............
#.................
#######..###....#.
#### #######


You could see an ice dragon (catching breath) and a friendly +8 falchion
"Ymeqameri" {spect, Str+10 Dex-2}.

Vanquished Creatures
  Snorg (D:13)
  Harold (Orc:1)
  2 centaur warriors
  6 two-headed ogres
  A boulder beetle (D:13)
  A death knight (D:7)
  5 death yaks
  2 tengu warriors
  An orc knight (Orc:2)
  2 ugly things
  A necromancer (IceCv)
  An orc sorcerer (Orc:2)
  A deep elf pyromancer (D:7)
  A cyclops (D:13)
  A guardian serpent (D:12)
  An ice statue (IceCv)
  5 gargoyles
  2 black mambas (Lair:2)
  6 cane toads
  Maggie (D:8)
  2 unseen horrors
  4 kobold demonologists
  An efreet (D:13)
  3 freezing wraiths (IceCv)
  14 ice devils (IceCv)
  8 komodo dragons
  2 tengu conjurers
  4 trolls
  3 polar bears
  2 hornets
  11 blink frogs
  A snapping turtle (Lair:2)
  A wraith (D:11)
  Sigmund (D:5)
  A vampire (D:12)
  4 dire elephant simulacra (IceCv)
  3 shadows
  26 yaks
  7 wyverns
  2 steam dragons
  2 basilisks
  6 vampire mosquitoes
  Grum (D:10)
  A harpy simulacrum (IceCv)
  3 nagas (Lair:2)
  Edmund (D:5)
  2 wargs (Orc:1)
  An acid dragon (D:11)
  Duvessa (D:5)
  A hydra simulacrum (IceCv)
  5 water moccasins
  16 orc warriors
  A sky beast (D:6)
  5 black bears
  5 ice beasts
  7 ogres
  2 wolves (D:10)
  4 centaurs
  A phantom (D:4)
  4 kobold brigands
  19 bullfrogs
  A gnoll sergeant (D:9)
  A two-headed ogre simulacrum (IceCv)
  3 necrophages (D:8)
  5 wights
  3 cane toad simulacra (IceCv)
  Dowan (D:5)
  6 killer bees (D:8)
  3 elephant simulacra (IceCv)
  11 howler monkeys
  6 hounds
  A centaur zombie (D:8)
  4 jellies
  14 orc priests
  2 gnoll boudas
  2 iguanas
  2 sleepcaps (D:6)
  18 orc wizards
  A spriggan simulacrum (IceCv)
  2 troll simulacra (IceCv)
  8 polar bear simulacra (IceCv)
  2 killer bee zombies (D:8)
  6 wolf simulacra (IceCv)
  A howler monkey zombie (D:8)
  6 adders
  17 gnolls
  A naga simulacrum (IceCv)
  5 shadow imps (D:6)
  2 white imps
  2 worms
  3 dart slugs
  54 orcs
  13 ball pythons
  6 bats
  17 endoplasms
  23 giant cockroaches
  14 goblins
  7 hobgoblins
  10 jackals
  9 kobolds
  7 quokkas
  12 frilled lizards
  7 rats
548 creatures vanquished.

Vanquished Creatures (others)
  18 spectral weapons
18 creatures vanquished.

Grand Total: 566 creatures vanquished

Notes
Turn   | Place    | Note
-------+----------+-------------------------------------------
     0 | D:1      | monsoonserge the Kobold Brigand began the quest for the
                  | Orb.
     0 | D:1      | Reached XP level 1. HP: 12/12 MP: 1/1
    97 | D:1      | Reached XP level 2. HP: 14/17 MP: 2/2
   134 | D:1      | Found Koexal Soor's One-of-a-Kind Rings.
   297 | D:1      | Reached XP level 3. HP: 22/22 MP: 3/3
   478 | D:1      | Found Wiruerots's Armour Emporium.
   731 | D:1      | Reached XP level 4. HP: 27/27 MP: 4/4
  1112 | D:2      | Noticed Robin
  1771 | D:3      | Reached XP level 5. HP: 31/31 MP: 5/5
  1859 | D:3      | Reached skill level 1 in Armour
  2145 | D:3      | Found a bloodstained altar of Trog.
  2319 | D:3      | Found a faded altar of an unknown god.
  2324 | D:3      | Got Plato's Collected Works on Imprecation
  2403 | D:4      | Noticed a phantom
  2440 | D:4      | Killed a phantom
  2441 | D:4      | Reached skill level 5 in Short Blades
  2441 | D:4      | Reached skill level 1 in Evocations
  2441 | D:4      | Reached XP level 6. HP: 28/36 MP: 6/6
  2616 | D:4      | Found a glowing golden altar of the Shining One.
  3068 | D:4      | Noticed an ogre
  3110 | D:4      | Killed an ogre
  3111 | D:4      | Reached XP level 7. HP: 32/41 MP: 4/7
  3168 | D:5      | Entered Level 5 of the Dungeon
  3230 | D:5      | Reached skill level 1 in Shields
  3276 | D:5      | Noticed Edmund
  3280 | D:5      | Killed Edmund
  3344 | D:5      | Reached XP level 8. HP: 31/47 MP: 8/8
  3782 | D:5      | Identified the +8 falchion "Ymeqameri" {spect, Str+10
                  | Dex-2}
  3841 | D:5      | Noticed Sigmund
  3849 | D:5      | Killed Sigmund
  3857 | D:5      | Noticed Duvessa
  3860 | D:5      | Noticed Dowan
  3865 | D:5      | Killed Duvessa
  3873 | D:5      | Killed Dowan
  4180 | D:6      | Found a transporter.
  4195 | D:6      | Noticed a kobold demonologist
  4228 | D:6      | Reached skill level 1 in Long Blades
  4277 | D:6      | Reached XP level 9. HP: 40/52 MP: 9/9
  4360 | D:6      | Found a transporter.
  4615 | D:6      | Found a staircase to the Ecumenical Temple.
  4621 | Temple   | Entered the Ecumenical Temple
  4640 | Temple   | Became a worshipper of Warmaster Okawaru
  4754 | D:6      | Reached skill level 2 in Long Blades
  4754 | D:6      | Found a glowing drain.
  4772 | Sewer    | Entered a sewer
  4971 | Sewer    | Identified the staff of death "Woguom" {rPois rN+ Str+2
                  | Stlth+}
  5507 | D:7      | Reached skill level 3 in Long Blades
  5638 | D:7      | Reached skill level 5 in Fighting
  5677 | D:7      | Reached * piety under Okawaru
  5678 | D:7      | Reached skill level 4 in Long Blades
  5836 | D:7      | Reached XP level 10. HP: 50/59 MP: 10/10
  5933 | D:7      | Reached skill level 1 in Invocations
  5941 | D:7      | Reached skill level 5 in Dodging
  6154 | D:7      | Reached skill level 5 in Long Blades
  6219 | D:7      | Noticed a death knight
  6222 | D:7      | Identified the ring of Opiliggocw {Contam MP+9 Int-5 Dex+5}
  6222 | D:7      | Noticed a deep elf pyromancer
  6391 | D:8      | Reached ** piety under Okawaru
  6566 | D:8      | Found a runed translucent door.
  6589 | D:8      | Found a sacrificial altar of Ru.
  6596 | D:8      | Found a basalt altar of Yredelemnul.
  6751 | D:8      | Noticed Maggie
  6760 | D:8      | Killed Maggie
  6826 | D:8      | Found a blossoming altar of Fedhas.
  6905 | D:8      | Noticed a two-headed ogre
  6906 | D:8      | Noticed a two-headed ogre
  6914 | D:8      | Killed a two-headed ogre
  6914 | D:8      | Reached *** piety under Okawaru
  6915 | D:8      | Reached skill level 6 in Long Blades
  6918 | D:8      | Killed a two-headed ogre
  6919 | D:8      | Reached skill level 5 in Armour
  6919 | D:8      | Reached XP level 11. HP: 61/65 MP: 10/13
  6927 | D:8      | Found a runed translucent door.
  7265 | D:9      | Got Sif Muna's Volume of Beguiling Black Secrets
  7268 | D:9      | Learned a level 1 spell: Slow
  7344 | D:9      | Reached **** piety under Okawaru
  7352 | D:9      | Reached skill level 1 in Spellcasting
  7352 | D:9      | Reached skill level 1 in Hexes
  7360 | D:9      | Reached skill level 7 in Long Blades
  8019 | D:9      | Received a gift from Okawaru
  8159 | D:9      | Found a staircase to the Orcish Mines.
  8296 | D:10     | Entered Level 10 of the Dungeon
  8320 | D:10     | Reached ***** piety under Okawaru
  8328 | D:10     | Reached skill level 5 in Shields
  8488 | D:10     | Noticed Grum
  8498 | D:10     | Killed Grum
  9030 | D:10     | Noticed a centaur warrior
  9036 | D:10     | Killed a centaur warrior
  9037 | D:10     | Reached XP level 12. HP: 71/71 MP: 15/15
  9315 | D:10     | Noticed a two-headed ogre
  9320 | D:10     | Killed a two-headed ogre
  9683 | Orc:1    | Entered Level 1 of the Orcish Mines
  9748 | Orc:1    | Noticed Harold
  9758 | Orc:1    | Killed Harold
  9923 | Orc:1    | Reached skill level 8 in Long Blades
 10119 | Orc:1    | Identified the +8 rapier "Daohaiwk" {heavy, rF+ Str-2
                  | Int+4} (Okawaru gifted it to you on level 1 of the Orcish
                  | Mines)
 10119 | Orc:1    | Received a gift from Okawaru
 10178 | Orc:2    | Entered Level 2 of the Orcish Mines
 10192 | Orc:2    | Found a staircase to the Elven Halls.
 10430 | Orc:2    | Noticed a two-headed ogre
 10438 | Orc:2    | Killed a two-headed ogre
 10439 | Orc:2    | Reached skill level 5 in Invocations
 11159 | D:7      | Found a snail-covered altar of Cheibriados.
 11165 | D:7      | Found an ornate altar of the Wu Jian Council.
 11166 | D:7      | Found a sparkling altar of Nemelex Xobeh.
 11167 | D:7      | Found a glowing silver altar of Zin.
 11579 | D:7      | Killed a death knight
 11767 | D:8      | Noticed a centaur warrior
 11776 | D:8      | Killed a centaur warrior
 11784 | D:8      | Reached skill level 5 in Throwing
 11919 | D:8      | Noticed a tengu warrior
 11946 | D:8      | Received a gift from Okawaru
 11951 | D:8      | Killed a tengu warrior
 11952 | D:8      | Reached XP level 13. HP: 52/76 MP: 9/17
 12137 | D:8      | Identified the +0 robe of Mordant Curiosity {Regen+ Str+5
                  | Int+3}
 12509 | D:10     | Received a gift from Okawaru
 12688 | D:11     | Found a staircase to the Lair.
 12775 | D:11     | Found a sparkling altar of Nemelex Xobeh.
 12791 | D:11     | Reached skill level 9 in Long Blades
 13141 | D:11     | Reached skill level 5 in Hexes
 13161 | D:11     | Found Biusuk's Jewellery Shoppe.
 14540 | D:12     | Received a gift from Okawaru
 15503 | D:13     | Received a gift from Okawaru
 15686 | D:13     | Found a transporter.
 16002 | D:13     | Noticed Snorg
 16011 | D:13     | Killed Snorg
 16089 | D:13     | Noticed a vault guard
 16090 | D:13     | Noticed a vault guard
 16092 | D:13     | Noticed a vault guard
 16096 | D:13     | Noticed a vault guard
 16241 | Lair:1   | Entered Level 1 of the Lair of Beasts
 16417 | Lair:1   | Found a frozen archway.
 16527 | IceCv    | Entered an ice cave
 16532 | IceCv    | Reached XP level 14. HP: 83/83 MP: 19/19
 16947 | IceCv    | Found an ancient bone altar of Kikubaaqudgha.
 17909 | IceCv    | Identified the +1 robe of Lapp {*Corrode Int+3 Dex+3
                  | Archmagi} (Okawaru gifted it to you in an ice cave)
 17909 | IceCv    | Received a gift from Okawaru
 18163 | IceCv    | Identified the ring "Eligus" {rElec rF- rN+ Dex+3}
 18837 | Lair:2   | Reached skill level 5 in Evocations
 19365 | Lair:2   | Found a staircase to the Snake Pit.
 19637 | Lair:2   | Reached skill level 10 in Long Blades
 20003 | Lair:2   | Found a staircase to the Shoals.
 21481 | Lair:3   | Killed from afar by an ice dragon

Illustrated notes

Levels and vault maps discovered:
D:1:      heliophobic_arrival_dark_side_of_the_moon, layout_rooms, serial_shops,
          nicolae_shop_real_fake_doors, serial_bayou_pond_b,
          nicolae_shop_unique_rings
D:2:      layout_basic, uniq_robin
D:3:      layout_rooms, old_standard_altar, shapermc_ecumenical_altar_rom_forum,
          minmay_ruptured
D:4:      layout_cave_pools, tso_oasis_becter
D:5:      layout_basic, uniq_sigmund, uniq_duvessa, uniq_edmund
D:6:      gammafunk_wand_slinger, layout_gridville, temple_hall,
          portal_sewer_entry_b
D:7:      nzn_winding_woodlands_cross [nzn_winding_woodlands_5x15_sawtooth,
          nzn_winding_woodlands_5x15_jagged,
          nzn_winding_woodlands_5x15_sidewinder,
          nzn_winding_woodlands_5x15_cabin,
          nzn_winding_woodlands_15x15_boxy_spiral], layout_basic, minitemple
D:8:      cheibrodos_histonic, layout_cave_pools, fedhas_altar_decomposition,
          mainiacjoe_overflow_big_doors, uniq_maggie
D:9:      layout_loops_ring, david_orc_4, kennysheep_generic_room_10
D:10:     layout_basic, uniq_grum
D:11:     layout_stronghold, lair_entry_dummy, serial_shops,
          nicolae_shop_competitors_out_of_business, nemelex_diamond_rough_becter
D:12:     layout_roguey, fake_guardian_serpent_vault
D:13:     emtedronai_trogs_sanctum, layout_gridville, ximxim_vaults_locker_room,
          chequers_serial_rivers_small_b, minmay_misc_feat_ornament, uniq_snorg
Temple:   compressed_dpeg_triangle_lava_temple
Lair:1:   layout_roguey, portal_ice_cave_entry_pillars_1
Lair:2:   layout_loops_ring, minmay_shoals_entry_hut,
          minmay_snake_entry_guardpost_small, serial_bayou_shore_a
Lair:3:   layout_loops_ring, ice2_lemuel
Orc:1:    layout_diamond_mine, mines1_david, uniq_harold
Orc:2:    st_orc_open, layout_diamond_mine, serial_shops, shop,
          nicolae_lakefront_shop

Skill      XL: |  1  2  3  4  5  6  7  8  9 10 11 12 13 14 |
---------------+-------------------------------------------+-----
Stealth        | 6 7 8 9 |  9.0
Short Blades   | 3 4 5 6 7 |  7.6
Dodging        | 2 3 4 5 6 7 8 |  8.0
Armour         | 1 2 3 4 5 6 7 |  7.4
Evocations     | 1 3 6 |  6.1
Fighting       | 3 4 5 6 7 8 |  8.5
Shields        | 1 2 3 4 5 6 7 8 |  8.9
Throwing       | 3 4 5 6 |  6.2
Long Blades    | 1 4 6 7 8 9 10 | 10.2
Invocations    | 3 4 5 7 8 |  8.7
Spellcasting   | 2 |  2.0
Hexes          | 2 4 5 |  5.0

Action                     |  1- 3 |  4- 6 |  7- 9 | 10-12 | 13-15 || total
---------------------------+-------+-------+-------+-------+-------++-------
  Melee: Dagger            |    72 |   210 |    49 |       |       ||   331
         Punch             |       |     1 |       |       |       ||     1
         Falchion          |       |     6 |   167 |   489 |   676 ||  1338
  Throw: Dart              |       |    16 |    11 |    11 |    14 ||    52
         Boomerang         |       |       |       |     2 |   153 ||   155
 Invoke: Heroism           |       |       |       |     5 |     2 ||     7
         Finesse           |       |       |       |     3 |     1 ||     4
Ability: Evoke Invisibilit |       |       |       |       |     2 ||     2
    Use: Scroll            |       |       |       |    15 |    11 ||    26
         Potion            |       |       |       |     1 |     3 ||     4
   Stab: Sleeping          |    12 |    23 |    26 |    27 |    21 ||   109
         Distracted        |     1 |       |     3 |    10 |    13 ||    27
         Invisible         |       |       |       |       |     9 ||     9
 Armour: Robe              |     2 |       |       |       |       ||     2
         Ring mail         |    28 |    66 |    53 |   107 |   115 ||   369
         Plate armour      |       |       |       |       |     7 ||     7
  Dodge: Dodged            |    45 |   110 |    76 |   237 |   267 ||   735
  Block: Buckler           |       |    19 |    77 |   203 |   275 ||   574
         Reflection        |       |       |     1 |     7 |     6 ||    14
